 Dungeon Crawl Stone Soup version 0.30.0-10-gfe55d96785 (webtiles) character file.

Game seed: 17715633054940945259

18 qw the Chopper (level 2, -3/19 HPs)
             Began as a Gargoyle Cinder Acolyte on May 17, 2023.
             Was a High Priest of Ignis.
             Slain by a gnoll
             ... wielding a +0 whip
              (6 damage)
             ... on level 1 of the Dungeon.
             The game lasted 00:00:22 (507 turns).

qw the Chopper (Gargoyle Cinder Acolyte)             Turns: 507, Time: 00:00:22

Health: -3/19      AC: 11    Str: 17    XL:     2   Next: 66%
Magic:  3/3        EV: 11    Int: 14    God:    Ignis [*****.]
Gold:   40         SH:  0    Dex:  5    Spells: 3/3 levels left

rFire   + . .        a - -1 hand axe (flame)
rCold   . . .        (no shield)
rNeg    + . .        b - +0 robe
rPois   inf          (no helmet)
rElec   +            (no cloak)
rCorr   .            (no gloves)
SInv    .            (no boots)
Will    .....        (no amulet)
Stlth   +            (no ring)
HPRegen 0.23/turn    (no ring)
MPRegen 0.08/turn

%: no passive effects
@: fiery-armoured
A: sickness immunity, AC +2, negative energy resistance 1, electricity
resistance, torment resistance 1, petrification resistance
a: Renounce Religion, Fiery Armour, Foxfire Swarm, Rising Flame


You were on level 1 of the Dungeon.
You worshipped Ignis.
Ignis was extremely pleased with you.
You visited 1 branch of the dungeon, and saw 1 of its levels.

You collected 40 gold pieces.


Innate Abilities, Weirdness & Mutations

You are immune to sickness and miasma.
Your stone body is resilient. (AC +2)
You are immune to poison.
You resist negative energy. (rN+)
You are resistant to electric shocks. (rElec)
You are resistant to unholy torment.
You are immune to petrification.


   Skills:
 - Level 3.2 Fighting
 + Level 3.5 Axes
 - Level 1.0 Spellcasting
 - Level 3.0 Fire Magic


You had 3 spell levels left.
You didn't know any spells.
Your spell library contained the following spells:

 Spells                   Type           Power      Damage    Failure   Level
 Scorch                   Fire           18%        2d5       12%         2

Inventory:

Hand Weapons
 a - a -1 hand axe of flaming (weapon)
Armour
 b - a +0 robe (worn)
 e - a +0 leather armour
 i - a +0 pair of gloves
Jewellery
 f - an amulet of the acrobat
 h - a ring of flight
Scrolls
 c - 2 scrolls of identify {unknown}
 g - a scroll of acquirement {unknown}
Potions
 d - 2 potions of flight {unknown}

Dungeon Overview and Level Annotations

Branches:
Dungeon (1/15)

Altars:


Message History

You see here a +0 trident.
g - a scroll labelled TEULIM TOCAOGO A goblin comes into view.
It is wielding a +0 club.
You hit the goblin. You burn the goblin.
You kill the goblin!
Things that are here:
a +0 club; a goblin corpse
h - a ring of flight A rat comes into view.
You hit the rat. You burn the rat.
You kill the rat!
i - a +0 pair of gloves You now have 34 gold pieces (gained 6).
You now have 40 gold pieces (gained 6).
A bat comes into view.
You hit the bat. You burn the bat.
You kill the bat!
A gnoll comes into view. It is wielding a +0 whip.
Found 14 gold pieces.
The gnoll shouts!
You hear a shout!
A goblin comes into view. It is wielding a +0 club.
You see here a bat corpse.
You closely miss the gnoll. The gnoll hits you with a +0 whip!
You closely miss the gnoll. The gnoll hits you with a +0 whip.
505 ||| INVOKING Fiery Armour.
A protective cloak of flame settles atop you.
The gnoll hits you but does no damage.
The gnoll is burned by your cloak of flames.
The gnoll is moderately wounded.
You closely miss the gnoll.
The gnoll is moderately wounded.
The gnoll hits you with a +0 whip.
The gnoll is burned by your cloak of flames.
The gnoll is heavily wounded.
You hit the gnoll. You burn the gnoll.
The gnoll is severely wounded.
The gnoll hits you with a +0 whip.
You die...

##### #...######
#.#......#
#########.#..###.#
#..............#.#
#.###......#.#.#@#
..###.####.#.#.#.g......
...##.#....#.#.###....##
.#.##.##.###.#.# ..$...
.#.#..%..###.#.. .#.##
.#.#.#.##....#.. .. #
.#........####.# ..
####.#.#..# #.# .#.
.#.....#..####.#


You could see a gnoll.

Vanquished Creatures
  2 bats (D:1)
  2 giant cockroaches (D:1)
  2 goblins (D:1)
  A quokka (D:1)
  8 frilled lizards (D:1)
  2 kobolds (D:1)
  2 rats (D:1)
19 creatures vanquished.

Notes
Turn   | Place    | Note
-------+----------+-------------------------------------------
     0 | D:1      | qw the Gargoyle Cinder Acolyte began the quest for the Orb.
     0 | D:1      | Reached XP level 1. HP: 14/14 MP: 2/2
     0 | D:1      | 0 ||| qw: Version: 0.2-a-95-g4c1bab1
     0 | D:1      | 0 ||| qw: Game counter: 97
     0 | D:1      | 0 ||| qw: Always use a shield: true
     0 | D:1      | 0 ||| qw: God list: Okawaru
     0 | D:1      | 0 ||| qw: Allow faded altars: false
     0 | D:1      | 0 ||| qw: Do Orc after D:15 true
     0 | D:1      | 0 ||| qw: Do second Lair branch before Depths: true
     0 | D:1      | 0 ||| qw: Lair rune preference: random
     0 | D:1      | 0 ||| qw: Plans: Normal
     0 | D:1      | 0 ||| PLANNING D:1-11
   153 | D:1      | Reached skill level 3 in Axes
   155 | D:1      | 155 ||| Stepping ~*~*~tactically~*~*~ (stealth).
   157 | D:1      | 157 ||| Stepping ~*~*~tactically~*~*~ (stealth).
   175 | D:1      | Reached XP level 2. HP: 19/19 MP: 3/3
   244 | D:1      | 244 ||| Stepping ~*~*~tactically~*~*~ (stealth).
   505 | D:1      | 505 ||| INVOKING Fiery Armour.
   506 | D:1      | HP: 2/19 [gnoll/+0 whip (6)]
   507 | D:1      | Slain by a gnoll

Levels and vault maps discovered:
D:1:      dpeg_arrival_pits, layout_basic, minivault_5,
          kennysheep_pointless_box, chequers_serial_rivers_large_a, st_stairs_6,
          minmay_lizard_king

Skill      XL: |  1 |
---------------+----+-----
Axes           | 3 |  3.5
Fighting       | |  3.2
Spellcasting   | |  1.0
Fire Magic     | |  3.0

Action                     || total
---------------------------++-------
  Melee: Hand axe          ||    83
 Invoke: Fiery Armour      ||     1
 Armour: Robe              ||    25
  Dodge: Dodged            ||    43

Table legend:
 A = Non-vault XP
 B = Vault XP
 C = Vault XP percentage of total XP
 D = Non-vault monster count
 E = Vault monster count
 F = Vault count percentage of total count
                 A         B        C        D         E       F
            +---------+---------+-------+---------+---------+-------
      Total |      20 |       6 |  23.1 |      13 |       6 |  31.6
            +---------+---------+-------+---------+---------+-------
        D:1 |      20 |       6 |  23.1 |      13 |       6 |  31.6
            +---------+---------+-------+---------+---------+-------
